 Dungeon Crawl Stone Soup version 0.29-a0-241-g20d21d4356 (webtiles) character file.

Game seed: 16060979393348841295

1639 Ordine the Carver (level 8, -1/51 HPs)
             Began as a Tengu Warper on Mar 4, 2022.
             Was a Believer of Okawaru.
             Slain by a water moccasin (6 damage)
             ... on level 7 of the Dungeon.
             The game lasted 00:14:49 (8129 turns).

Ordine the Carver (Tengu Warper)                    Turns: 8129, Time: 00:14:49

Health: -1/51      AC:  5    Str: 11    XL:     8   Next: 99%
Magic:  12/12      EV: 13    Int: 13    God:    Okawaru [**....]
Gold:   271        SH:  9    Dex: 17    Spells: 11/11 levels left

rFire   + . .      SeeInvis .   a - +0 long sword
rCold   . . .      Faith    .   G - +0 buckler
rNeg    . . .      Spirit   .   j - +0 leather armour
rPois   .          Reflect  +   (helmet restricted)
rElec   .          Harm     .   f - +0 cloak
rCorr   .          Rampage  .   w - +0 pair of gloves
Will    +....                   (boots unavailable)
Stlth   +.........              C - amulet of reflection
HPRegen 0.17/turn               y - ring of willpower
MPRegen 0.13/turn               g - ring of protection from fire

@: brilliant, lethally poisoned (-1 -> -10), flying quickly and evasively, quick
A: beak, talons 3, nimble flight
a: Renounce Religion, Heroism


You were on level 7 of the Dungeon.
You worshipped Okawaru.
Okawaru was pleased with you.
You visited 2 branches of the dungeon, and saw 8 of its levels.

You collected 271 gold pieces.

Inventory:

Hand Weapons
 a - a +0 long sword (weapon)
 b - a +2 dagger of speed
Missiles
 d - 5 boomerangs of dispersal
 m - 5 poisoned darts
 n - 3 boomerangs (quivered)
 p - 2 silver javelins
 H - 2 curare-tipped darts
Armour
 f - a +0 cloak (worn)
 j - a +0 leather armour (worn)
 w - a +0 pair of gloves (worn)
 G - a +0 buckler (worn)
Jewellery
 g - a ring of protection from fire (right hand)
 t - a ring of fire
 x - the ring "Eju Acuh" {AC+4 Str+5 Slay-6}
   (You took it off a goblin on level 4 of the Dungeon)

   [ring of protection]

   AC:        It affects your AC (+4).
   Str:       It affects your strength (+5).
   Slay:      It affects your accuracy & damage with ranged weapons and melee
   (-6).
 y - a ring of willpower (left hand)
 C - an amulet of reflection (around neck)
 E - an amulet of the acrobat
Wands
 l - a wand of iceblast (10)
 B - a wand of mindburst (22)
Scrolls
 c - a scroll of blinking
 h - 2 scrolls of teleportation
 q - a scroll of enchant armour
 s - a scroll of summoning
 u - a scroll of amnesia
 z - a scroll of fear
 F - a scroll of brand weapon {unknown}
Potions
 e - a potion of lignification {unknown}
 i - 3 potions of curing {unknown}
 k - 2 potions of brilliance
 o - a potion of ambrosia {unknown}
 r - 3 potions of might {unknown}
 v - a potion of attraction {unknown}
 A - a potion of mutation {unknown}
 D - a potion of degeneration {unknown}


   Skills:
 + Level 5.7 Fighting
 * Level 8.9 Long Blades
 + Level 5.4 Throwing
 - Level 1.1 Armour
 - Level 2.1 Dodging
 - Level 2.0 Spellcasting
 - Level 2.4 Translocations


You had 11 spell levels left.
You didn't know any spells.
Your spell library contained the following spells:

 Spells                   Type           Power      Damage    Failure   Level
 Blink                    Tloc           22%        N/A       26%         2
 Gell's Gravitas          Tloc           11%        N/A       45%         3
 Lesser Beckoning         Tloc           11%        N/A       45%         3
 Teleport Other           Tloc           11%        N/A       45%         3
 Ensorcelled Hibernation  Hex/Ice        2%         N/A       56%         2
 Passwall                 Tmut/Erth      0%         N/A       56%         2
 Swiftness                Air            1%         N/A       80%         3
 Hailstorm                Conj/Ice       1%         3d3       99%         4
 Ice Form                 Ice/Tmut       1%         N/A       99%         4
 Manifold Assault         Tloc           11%        N/A       99%         5
 Simulacrum               Ice/Necr       Unusable   N/A       N/A         6

Dungeon Overview and Level Annotations

Branches:
Dungeon (7/15)             Temple (1/1) D:4

Altars:
Ashenzari
Cheibriados
Dithmenos
Elyvilon
Fedhas
Gozag
Hepliaklqana
Kikubaaqudgha
Makhleb
Nemelex Xobeh
Okawaru
Qazlal
Ru
Sif Muna
Trog
Uskayaw
Vehumet
Wu Jian
Xom
Yredelemnul
Zin
The Shining One


Innate Abilities, Weirdness & Mutations

You have a beak for a mouth.
You have claws for feet.
Your magical nature lets you fly swiftly and evasively.


Message History

You peck the sky beast.
The sky beast is almost dead.
The sky beast hits you. The sky beast shocks you.
You slash the sky beast!
You kill the sky beast!
Okawaru accepts your kill. You block the water moccasin's attack.
You hit the water moccasin.
The water moccasin is lightly wounded.
The water moccasin barely misses you.
You barely miss the water moccasin. Your kick misses the water moccasin.
The water moccasin is lightly wounded.
The water moccasin bites you.
You miss the water moccasin. Your kick misses the water moccasin.
You peck the water moccasin, but do no damage.
The water moccasin is lightly wounded.
The water moccasin bites you.
You are poisoned.
The water moccasin poisons you! The water moccasin bites you.
You are more poisoned.
The water moccasin poisons you!
You are too injured to fight recklessly!
Okay, then.
You slash the water moccasin! Your kick misses the water moccasin.
The water moccasin is heavily wounded.
You feel very sick. The white imp puffs mist at you.
The water moccasin bites you but does no damage.
You barely miss the water moccasin. You claw the water moccasin.
The water moccasin is heavily wounded.
* * * LOW HITPOINT WARNING * * *
You feel very sick. The water moccasin misses you.
The water moccasin bites you!
* * * LOW HITPOINT WARNING * * *
Unknown command.
It was a potion of brilliance.
You feel clever all of a sudden.
* * * LOW HITPOINT WARNING * * *
You feel sick. The water moccasin bites you.
You die...

#..# #.# #.# #.# #.# #.#
#.# #.# ##.## #.#
####...#### #.#
.#..........
##.######.##.#.##...####
.......@S5...#.###.##
...#######.###.# #.#
##....###.# #.#
...#.........# #.#
#..$.....#### #.#
#.........ยง$.....
##.......#####.##
##.....## . ##.#..#


You could see a water moccasin and a white imp.

Vanquished Creatures
  A wyvern (D:7)
  A sky beast (D:7)
  An ice beast (D:7)
  2 ogres (D:5)
  A phantom (D:6)
  3 centaurs (D:6)
  A bullfrog (D:7)
  A scorpion (D:4)
  A gnoll sergeant (D:5)
  A hound (D:5)
  An orc priest (D:5)
  A jelly (D:5)
  An iguana (D:5)
  6 orc wizards
  Natasha (thrice) (D:3)
  7 adders
  8 gnolls (D:5)
  A shadow imp (D:5)
  A white imp (D:6)
  An ufetubus (D:5)
  2 worms (D:2)
  A dart slug (D:2)
  20 orcs
  5 ball pythons
  9 endoplasms
  8 giant cockroaches
  7 goblins
  4 hobgoblins
  11 jackals
  5 kobolds
  2 quokkas
  6 bats
  3 frilled lizards
  4 rats
130 creatures vanquished.

Vanquished Creatures (others)
  4 withered plants (D:3)
4 creatures vanquished.

Grand Total: 134 creatures vanquished

Notes
Turn   | Place    | Note
-------+----------+-------------------------------------------
     0 | D:1      | Ordine the Tengu Warper began the quest for the Orb.
     0 | D:1      | Reached XP level 1. HP: 12/12 MP: 4/4
   319 | D:1      | Reached XP level 2. HP: 17/17 MP: 6/6
   569 | D:1      | Reached skill level 3 in Long Blades
   693 | D:1      | Reached XP level 3. HP: 14/22 MP: 7/7
  1776 | D:2      | Reached XP level 4. HP: 27/27 MP: 8/8
  2627 | D:3      | Found a stormy altar of Qazlal.
  2767 | D:3      | Reached skill level 4 in Long Blades
  2920 | D:3      | Noticed Natasha
  2922 | D:3      | Killed Natasha
  2923 | D:3      | Gained mutation: Your magical nature lets you fly swiftly
                  | and evasively. [Tengu growth]
  2923 | D:3      | Reached XP level 5. HP: 32/32 MP: 9/9
  2936 | D:3      | Found a faded altar of an unknown god.
  3309 | D:3      | Noticed Natasha
  3315 | D:3      | Killed Natasha
  3613 | D:3      | Noticed Natasha
  3618 | D:3      | Killed Natasha
  3753 | D:4      | Found a staircase to the Ecumenical Temple.
  3763 | Temple   | Entered the Ecumenical Temple
  3787 | Temple   | Became a worshipper of Warmaster Okawaru
  4269 | D:4      | Identified the ring "Eju Acuh" {AC+4 Str+5 Slay-6}
  4572 | D:4      | Reached skill level 5 in Long Blades
  4572 | D:4      | Reached XP level 6. HP: 29/37 MP: 10/10
  4991 | D:5      | Entered Level 5 of the Dungeon
  5704 | D:5      | Reached XP level 7. HP: 42/42 MP: 11/11
  5719 | D:5      | Reached skill level 6 in Long Blades
  6035 | D:5      | Reached * piety under Okawaru
  6388 | D:5      | Reached skill level 7 in Long Blades
  6406 | D:5      | Reached XP level 8. HP: 15/48 MP: 9/12
  6413 | D:5      | HP: 1/48 [gnoll/+0 spear (7)]
  7196 | D:6      | Reached skill level 5 in Fighting
  7403 | D:6      | Reached skill level 8 in Long Blades
  7715 | D:7      | Noticed a wyvern
  7727 | D:7      | Killed a wyvern
  7728 | D:7      | Reached skill level 5 in Throwing
  8114 | D:7      | Reached ** piety under Okawaru
  8129 | D:7      | Slain by a water moccasin

Illustrated notes

Levels and vault maps discovered:
D:1:      minmay_arrival_nine_rooms, layout_rooms
D:2:      layout_loops_ring
D:3:      layout_loops_ring, mainiacjoe_overflow_tiny_flanked,
          ebering_ecumenical_altar_petrified, dk_vineyard_1, uniq_natasha
D:4:      layout_basic, minmay_temple_entry_crystal_x
D:5:      layout_rooms
D:6:      layout_basic
D:7:      layout_loops_ring
Temple:   mainiacjoe_temple_circle_huts

Skill      XL: |  1  2  3  4  5  6  7  8 |
---------------+-------------------------+-----
Long Blades    | 3 4 5 7 8 |  8.9
Throwing       | 2 3 4 5 |  5.4
Fighting       | 3 4 5 |  5.7
Armour         | |  1.1
Dodging        | |  2.1
Spellcasting   | |  2.0
Translocations | |  2.4

Action                   |  1- 3 |  4- 6 |  7- 9 || total
-------------------------+-------+-------+-------++-------
Melee: Falchion          |    93 |   156 |    97 ||   346
       Kick              |    23 |    35 |    44 ||   102
       Peck              |    11 |    26 |    37 ||    74
       Punch             |       |     1 |     1 ||     2
       Long sword        |       |       |    53 ||    53
Throw: Boomerang         |       |       |    11 ||    11
Invok: Heroism           |       |       |     1 ||     1
  Use: Scroll            |       |     4 |     1 ||     5
       Potion            |       |     1 |     2 ||     3
 Stab: Sleeping          |     1 |     3 |       ||     4
Armor: Leather armour    |    27 |    27 |    20 ||    74
Dodge: Dodged            |    74 |   105 |    85 ||   264
Block: Other             |       |     1 |    16 ||    17
       Buckler           |       |       |    22 ||    22
       Reflection        |       |       |     7 ||     7

Table legend: (Time is in decaauts)
 A = Elapsed time spent in this place.
 B = Non-inter-level travel time spent in this place.
 C = Inter-level travel time spent in this place.
 D = Time resting spent in this place.
 E = Time spent auto-exploring this place.
 F = Levels seen in this place.
 G = Mean time per level.
                   A        B        C        D        E       F      G
               +--------+--------+--------+--------+--------+-----+--------+
         Total |   7905 |   7736 |    169 |    872 |   5720 |   8 |  988.1 |
       Dungeon |   7612 |   7457 |    155 |    872 |   5471 |   7 | 1087.4 |
        Temple |    292 |    278 |     14 |      0 |    249 |   1 |  292.0 |
               +--------+--------+--------+--------+--------+-----+--------+

Top non-repeatable levels by time:
     D:4: 1665 daAuts
     D:3: 1360 daAuts
     D:2: 1347 daAuts
     D:6: 1034 daAuts
     D:5: 1019 daAuts
     D:1: 964 daAuts
  Temple: 292 daAuts
     D:7: 219 daAuts
